 Dungeon Crawl Stone Soup version 0.17.1-3-g152610e (webtiles) character file.

114 Heskey the Sneak (level 4, -4/31 HPs)
             Began as an Octopode Assassin on Mar 24, 2016.
             Slain by a hound (6 damage)
             ... on level 3 of the Dungeon.
             The game lasted 00:04:20 (2256 turns).

Heskey the Sneak (Octopode Assassin)                Turns: 2256, Time: 00:04:20

Health: -4/31      AC:  1    Str: 10    XL:     4   Next: 97%
Magic:  4/4        EV: 13    Int: 13    God:
Gold:   172        SH:  0    Dex: 14    Spells: 0 memorised, 3 levels left

rFire  . . .     SeeInvis .     a - +3 dagger
rCold  . . .     Clarity  .     (no shield)
rNeg   . . .     SustAt   .     (helmet restricted)
rPois  .         Gourm    .     (no amulet)
rElec  .         Spirit   .     (no ring)
rCorr  .         Warding  .     (no ring)
rMut   .         Stasis   .     (no ring)
MR     .....                    (no ring)
Stlth  ++++......               (no ring)
                                (no ring)
                                (no ring)
                                (no ring)

@: about to teleport, not resistant to hostile enchantments, stealthy
A: almost no armour, amphibious, 8 rings, constrict 8, camouflage 1, gelatinous
body 1
a: no special abilities


You were on level 3 of the Dungeon.
You were not hungry.

You visited 1 branch of the dungeon, and saw 3 of its levels.

You collected 172 gold pieces.

Inventory:

Hand Weapons
 a - a +3 dagger (weapon)
 b - a +0 blowgun
Missiles
 c - 8 poisoned needles
 d - 2 curare-tipped needles
Scrolls
 i - 2 scrolls of identify
Books
 p - a book of Envenomations

   Spells                             Type                      Level
   a - Spider Form                    Transmutation/Poison         3
   b - Alistair's Intoxication        Transmutation/Poison         4
   c - Olgreb's Toxic Radiance        Poison                       4
   d - Poisonous Cloud                Conjuration/Poison/Air       6
Comestibles
 e - 4 bread rations
 f - 6 chunks of flesh
 h - 3 meat rations
 j - 2 slices of pizza
 o - 4 fruits


   Skills:
 * Level 3.2 Fighting
 + Level 2.8 Short Blades
 + Level 2.6 Throwing
 * Level 2.6 Dodging
 - Level 5.3 Stealth


You had 3 spell levels left.
You didn't know any spells.

Dungeon Overview and Level Annotations

Branches:
Dungeon (3/15)

Altars:
Cheibriados

Annotations:
D:3 Grinder, Natasha


Innate Abilities, Weirdness & Mutations

You cannot wear most types of armour.
You are amphibious.
You can wear up to eight rings at the same time.
You can use your tentacles to constrict eight enemies at once.
Your skin changes colour to match your surroundings (Stealth).
Your rubbery body absorbs attacks (AC +1).


Message History

You suddenly lose the ability to move!
The hound bites you but does no damage. Grinder gestures at you.
Pain shoots through your body! The hound bites you. The hound bites you.
Grinder gestures.
Grinder blinks!
Natasha casts a spell.
You can move again.
Read which item? (? for menu, Esc to quit)
As you read the scroll of teleportation, it crumbles to dust.
You feel strangely unstable. The hound bites you.
* * * LOW HITPOINT WARNING * * *
The hound bites you.
* * * LOW HITPOINT WARNING * * *
You aren't carrying any potions.
You aren't carrying any potions.
You aren't carrying any potions.
The hound bites you.
You die...

........................
.#.###.................
....†..................
.#.###=.......#...#..!
#.#.###..#..$# .
#.#.......$..#
#.#..#.......#
#............#
...........@.#
#.........h..#
..#..#.##....#
#....5h....#
#.........##
##.#........
%..#.##...##. #. #...# #
# #....


You could see a hound, an iron imp and Natasha.

Vanquished Creatures
  Natasha (D:3)
  2 adders
  2 worms (D:2)
  3 giant geckos
  An orc (D:3)
  7 goblins
  8 hobgoblins
  4 jackals
  10 kobolds
  2 ball pythons (D:1)
  8 bats
  5 giant cockroaches
  3 giant newts
  4 rats
60 creatures vanquished.

Vanquished Creatures (others)
  A plant (D:1)
1 creature vanquished.

Grand Total: 61 creatures vanquished

Notes
Turn   | Place    | Note
--------------------------------------------------------------
     0 | D:1      | Heskey the Octopode Assassin began the quest for the Orb.
     0 | D:1      | Reached XP level 1. HP: 14/14 MP: 1/1
   104 | D:1      | Reached XP level 2. HP: 10/19 MP: 2/2
   656 | D:1      | Reached XP level 3. HP: 15/25 MP: 3/3
  1184 | D:2      | Found a snail-covered altar of Cheibriados.
  1521 | D:2      | Reached XP level 4. HP: 18/30 MP: 4/4
  1997 | D:3      | Noticed Natasha
  2003 | D:3      | Killed Natasha
  2245 | D:3      | Noticed Grinder
  2250 | D:3      | Noticed Natasha
  2251 | D:3      | Paralysed by Grinder for 2 turns
  2256 | D:3      | Slain by a hound

Action                   |  1- 3 |  4- 6 || total
-------------------------+-------+-------++-------
Melee: Dagger            |    94 |    26 ||   120
  Use: Scroll            |       |     7 ||     7
       Potion            |       |     5 ||     5
 Stab: Sleeping          |    13 |     7 ||    20
       Distracted        |     2 |       ||     2
  Eat: Chunk             |     2 |     2 ||     4
